[Event "4NCL 2022-2023"]
[Site "Daventry"]
[Date "2023.02.11"]
[Round "5.9"]
[White "Parligras, Mircea-Emilian"]
[Black "Chow, Samuel"]
[Result "0-1"]
[ECO "D85"]
[WhiteElo "2570"]
[BlackElo "2308"]
[Annotator "TA"]
[PlyCount "58"]
[EventDate "2022.10.20"]
[EventType "team-tourn"]
[EventCountry "ENG"]
[SourceTitle "playchess.com"]
[Source "ChessBase"]
[SourceQuality "1"]
[TimeControl "40/6000+30:2400+30"]

1. d4 Nf6 2. c4 g6 3. Nc3 d5 4. cxd5 Nxd5 5. e4 Nxc3 6. bxc3 Bg7 7. Nf3 c5 8. Be3 {[%emt 0:00:22] 8.h3 is a critical line.} Qa5 9. Nd2 {[%emt 0:00:16] D85: Exchange Grünfeld: Unusual White 7th moves and lines with 7 Nf3.} (9. dxc5 $2 {loses.} Qxc3+ 10. Bd2 Qxa1 $19) 9... O-O 10. Be2 Qxc3 11. Rc1 {[%emt 0:00:56] The position is equal.} Qb4 12. Rc4 Qb2 13. Rc2 Qb4 14. Rxc5 Nc6 15. Rc4 Qb2 16. Nb3 Qxa2 17. O-O Rd8 {[%emt 0:11:10] [#]} (17... Na5 $5 18. Nc1 Qb1 $11) 18. d5 $146 {[%emt 0:03:46] Threatens to win with Nd2.} ({Predecessor:} 18. Nc5 Nxd4 19. Bxd4 Bxd4 20. Rxd4 Rxd4 21. Qxd4 Qxe2 22. Qd8+ Kg7 23. Nd7 Bxd7 24. Qxa8 Qxe4 25. Qxa7 {½-½ Carvalho,L (2262)-Castor,E (2058) BRA Cup26 final email 2014}) 18... e6 19. Nc5 {[%emt 0:20:08] Strongly threatening Ra4.} exd5 20. Ra4 (20. exd5 $15 b6 21. Rc2 Qxd5 22. Qxd5 Rxd5 23. Bf3) 20... Qb2 $17 {[%emt 0:00:19] White must now prevent ...dxe4.} 21. exd5 {[%emt 0:00:07] Nd3 would be deadly.} Bf5 22. Rc4 ({White should try} 22. Nd3 Bxd3 23. Qxd3) 22... Ne5 23. Bd4 {[%emt 0:09:36] [#]} Qa2 {[%emt 0:00:54] Black is more active.} ({Worse is} 23... Rxd5 24. Bxb2 Rxd1 25. Rxd1 $15) 24. Bxe5 Bxe5 25. Nxb7 {[%emt 0:00:10] [#]} Rdb8 26. Rb4 a5 27. Rb5 (27. Bc4 {is the only way for White.} Qc2 28. Qxc2 Bxc2 29. Rb5) 27... Bd7 $19 {[%emt 0:04:04] A strong pair of Bishops. Black is clearly winning.} 28. Rb1 Ra7 29. Bg4 Raxb7 {[%emt 0:01:30] Weighted Error Value: White=0.43/Black=0.03 (flawless)} 0-1

[Event "4NCL 2022-2023"]
[Site "Daventry"]
[Date "2023.02.11"]
[Round "5.10"]
[White "Wall, Tim P"]
[Black "Lupulescu, Constantin"]
[Result "0-1"]
[ECO "B22"]
[WhiteElo "2239"]
[BlackElo "2592"]
[Annotator "TA"]
[PlyCount "86"]
[EventDate "2022.10.20"]
[EventType "team-tourn"]
[EventCountry "ENG"]
[SourceTitle "playchess.com"]
[Source "ChessBase"]
[SourceQuality "1"]
[TimeControl "40/6000+30:2400+30"]

1. e4 c5 2. c3 d5 3. exd5 Qxd5 4. d4 Nf6 5. Nf3 e6 6. Be3 Nc6 7. Na3 {[%emt 0:05:41] next Nb5 is good for White.} cxd4 {[%emt 0:00:39] [#] B22: Sicilian: 2 c3.} 8. Nb5 $1 Qd8 {[%emt 0:00:10] Prevents Nc7+} (8... Qd7 9. Nbxd4) 9. Nbxd4 Nd5 {[%emt 0:00:28] White has an edge.} 10. Nxc6 bxc6 11. Bd4 f6 12. Bd3 e5 {[%emt 0:10:51] [#]} 13. Be3 $146 (13. Nxe5 $5 fxe5 14. Qh5+ Kd7 15. Bxe5 $11) ({Predecessor:} 13. Nxe5 fxe5 14. Qh5+ Kd7 15. Qxe5 Qe7 16. O-O-O Qxe5 17. Bxe5 Ke6 18. Rhe1 Kf7 19. f4 {0-1 Petre,N (2297)-Negrean,A (1840) Targu Mures op-A 2022 (3)}) 13... Nxe3 14. fxe3 Bc5 15. Qc2 (15. Qe2 $11) 15... Bxe3 $15 16. Bxh7 {[%emt 0:03:25] Rd1 would be deadly.} Be6 {[%emt 0:03:38] White is weak on the dark squares} 17. Rd1 {[%emt 0:28:42] [#]} ({White should try} 17. Bf5 $15 Bd5 18. Rd1) 17... Qb6 $1 $17 {[%emt 0:09:09][%cal Oh8h7] White must now prevent ...Rxh7!} 18. Rf1 Ke7 (18... Bxa2 $2 19. Nxe5 (19. Qd3 Rd8 $17) 19... Qc7 20. Qe4 $18) ({Black should play} 18... Bf4 19. Rf2 Bc4) 19. Bf5 {[%emt 0:18:14] [#]} (19. Qd3 $2 Rad8 20. Qe2 Rxd1+ 21. Kxd1 Rxh7 $19) 19... Bd5 {[%emt 0:28:31] A strong pair of Bishops.} (19... Bxa2 20. Rd7+ (20. Qd3 $2 Rhd8 $19) 20... Kf8 21. Nxe5 $11) (19... Bxf5 $1 $17 20. Qxf5 Rhd8 21. Rxd8 Rxd8) 20. c4 $1 $11 Bxf3 (20... Qb4+ 21. Ke2 Bxc4+ 22. Kxe3 $16) 21. Rd7+ Kf8 22. Rxf3 Rxh2 23. Rh3 {[%emt 0:12:36] Against Re8} Bf4 {[%emt 0:01:01] Some like it hot} 24. c5 Qa5+ 25. Qc3 Qxc3+ 26. bxc3 Rb8 (26... Rxg2 $2 27. Rh8#) 27. Rxh2 Bxh2 {[%emt 0:00:18][%mdl 4096] Endgame KRB-KRB} 28. Be6 e4 29. Rf7+ Ke8 30. Rxg7 Rb1+ 31. Ke2 Bg1 32. Rxa7 Rb2+ 33. Kd1 Bxc5 34. Ra4 e3 {[%emt 0:00:25] ...e2+ is the strong threat.} 35. Bg4 Rxg2 36. Bf3 Rd2+ 37. Ke1 Kd7 (37... Ke7 $17 {And now ...f5 would win.} 38. Re4+ Kd7) 38. Rc4 (38. Rf4 $15) 38... Bd6 {[%emt 0:01:00] Hoping for ...Bg3+.} 39. Bxc6+ Kd8 {[%emt 0:00:27] Black is much more active.} 40. Rd4 $2 {[%emt 0:00:33][%mdl 8192] This move loses the game for White.} (40. Rg4 $17 {lives longer.}) 40... Kc7 $19 {[%emt 0:00:20] ( -> ...Bg3+)} 41. Bb5 (41. Bf3 $142 Bg3+ 42. Kf1 Rf2+ 43. Ke1 Rxf3+ {[%mdl 64] Discovered Attack} 44. Ke2 Rf2+ {[%mdl 64] Skewer} 45. Kxe3 Rxa2 46. Ke4) 41... Bg3+ {[%emt 0:40:27] Black is clearly winning.} ({Not} 41... Rxa2 42. Rc4+ Kb7 43. Re4 $17) 42. Kf1 Rf2+ (42... Rxa2 $2 {too greedy.} 43. Be2 $19) 43. Kg1 Rb2 {[%emt 0:00:00] An entertaining game by Lupulescu.   Weighted Error Value: White=0.33/Black=0.10 (very precise)} (43... Rxa2 $2 {loses.} 44. Rg4 Bh2+ 45. Kf1 $19) 0-1

[Event "4NCL 2022-2023"]
[Site "Daventry"]
[Date "2023.02.11"]
[Round "5.11"]
[White "Cyborowski, Lukasz"]
[Black "Movileanu, Daniela"]
[Result "1-0"]
[ECO "B38"]
[WhiteElo "2498"]
[BlackElo "2169"]
[Annotator "TA"]
[PlyCount "107"]
[EventDate "2022.10.20"]
[EventType "team-tourn"]
[EventCountry "ENG"]
[SourceTitle "playchess.com"]
[Source "ChessBase"]
[SourceQuality "1"]
[TimeControl "40/6000+30:2400+30"]

1. c4 c5 2. Nf3 Nc6 3. d4 cxd4 4. Nxd4 g6 5. e4 Bg7 6. Be3 Nf6 7. Nc3 O-O 8. Be2 d6 9. O-O Bd7 10. Qd2 Nxd4 11. Bxd4 Bc6 12. f3 a5 13. b3 Nd7 14. Be3 Nc5 15. Rac1 Qb6 16. Nd5 {[%emt 0:05:30] B38: Sicilian: Maroczy Bind with 5...Bg7 and 7...0-0.} Bxd5 17. cxd5 f5 {[%emt 0:05:22] [#]} 18. exf5 $1 {[%emt 0:07:41] White is better.} gxf5 19. Rc4 {[%emt 0:07:00] [#]} Qa7 $146 (19... f4 $16) ({Predecessor:} 19... f4 20. Bf2 Be5 21. Re1 Qd8 22. Bf1 b6 23. Bd4 Rf5 24. Bxe5 dxe5 25. Qc2 Qf8 26. a3 e6 27. dxe6 Nxe6 {1-0 Nguyen,A (2537)-Bagamasbad,E (2342) Manila Pichay Cup 3rd 2007 (1)}) 20. Rh4 $18 Rf6 (20... b6 $142 21. Bb5 Rf7) 21. Kh1 b6 22. Bd1 Qa6 23. Re1 {[%emt 0:04:08] Black must now prevent Bc2.} ({Don't take} 23. Be2 Qc8 24. Rb1 Qe8 $16) 23... Qd3 24. Bc2 Qxd2 25. Bxd2 Rf7 26. Rh5 Raf8 27. g4 Be5 28. Bxf5 Kh8 {[%emt 0:01:29] Black is weak on the light squares} 29. Bh6 Ra8 30. Bd2 $2 ({White should try} 30. f4 $18 Bc3 31. Re2) 30... b5 $2 {[%emt 0:01:25][%mdl 8192] [#]} (30... Raf8 $1 $11 {and Black is okay.} 31. Kg2 Rb8 32. Rxe5 dxe5) 31. Rxe5 $1 dxe5 32. Bc3 Ra6 (32... Kg8 {was necessary.} 33. Bxe5 b4) 33. Bxe5+ {[%emt 0:05:56] A strong pair of Bishops.} Kg8 34. Bd4 Rxf5 35. Rxf5 {[%emt 0:00:04][%mdl 4096] Endgame KRB-KRN} ({Less strong is} 35. gxf5 Nd7 36. Kg2 Rd6 $16) 35... Nd3 36. Be3 a4 37. Kg2 axb3 38. axb3 Kg7 39. Kg3 b4 40. Bd4+ Kg8 41. Be3 Kg7 $1 42. Bg5 Ra7 43. h4 h6 44. Be3 Ra6 45. h5 Rd6 (45... e5 $142 46. f4 exf4+ 47. Bxf4 Ra3) 46. f4 e6 47. dxe6 Rxe6 48. Bd4+ Kg8 49. Rd5 {[%emt 0:00:00] Threatens to win with g5.} Nc1 50. Be5 {[%emt 0:00:00] Hoping for g5.} Nxb3 51. g5 {[%emt 0:00:00] g6 would kill now.} hxg5 52. fxg5 {[%emt 0:00:00][%cal Bf4g5,Bg5g6][%mdl 32] White mates.} Nd2 53. Rd8+ Kf7 54. g6+ {[%emt 0:00:00] Weighted Error Value: White=0.32/Black=0.56} 1-0

[Event "4NCL 2022-2023"]
[Site "Daventry"]
[Date "2023.02.11"]
[Round "5.12"]
[White "Townsend, M Paul"]
[Black "Jaracz, Pawel"]
[Result "1/2-1/2"]
[ECO "D02"]
[WhiteElo "2198"]
[BlackElo "2465"]
[Annotator "TA"]
[PlyCount "37"]
[EventDate "2022.10.20"]
[EventType "team-tourn"]
[EventCountry "ENG"]
[SourceTitle "playchess.com"]
[Source "ChessBase"]
[SourceQuality "1"]
[TimeControl "40/6000+30:2400+30"]

1. d4 d5 2. Bf4 Nf6 3. e3 c5 4. c3 Nc6 5. Nd2 e6 6. Ngf3 Be7 {[%emt 0:02:43] 6...cxd4 is setting a new trend.} 7. Ne5 Nxe5 {[%emt 0:01:37] D02: 1 d4 d5 2 Nf3 sidelines, including 2...Nf6 3 g3 and 2...Nf6 3 Bf4.} 8. dxe5 Nd7 {[%emt 0:00:08] [#]} 9. h4 $1 f6 (9... c4 10. Qg4) 10. Nf3 O-O {[%emt 0:21:24] The position is equal.} 11. Bd3 {[%emt 0:03:50][%cal Of3g5] And now Ng5! would win.} fxe5 12. Nxe5 Nxe5 13. Bxe5 {[%emt 0:00:12] Black must now prevent Qh5.} Bf6 14. Qh5 g6 15. Bxg6 {[%emt 0:03:02][%mdl 64] [#] Demolition} hxg6 16. Qxg6+ Kh8 17. Qh6+ Kg8 18. Qg6+ Kh8 {[%emt 0:00:04] [#]} 19. Qh6+ $146 {[%emt 0:00:54] An uneventful encounter.   Weighted Error Value: White=0.05 (flawless) /Black=0.04 (flawless)} ({Predecessor:} 19. Qh5+ Kg7 20. Qg4+ Kf7 21. Qh5+ Ke7 22. Rh3 Bxe5 23. Qxe5 Kd7 24. Rg3 Kc6 25. Rg6 Qxh4 {1-0 Atanasov,A (2172)-Deuer,M (2231) Titled Tuesday intern op 09th Mar blitz 2021 (1)}) 1/2-1/2

[Event "4NCL 2022-2023"]
[Site "Daventry"]
[Date "2023.02.11"]
[Round "5.13"]
[White "Galyas, Miklos"]
[Black "Walton, Alan J"]
[Result "1/2-1/2"]
[ECO "D02"]
[WhiteElo "2442"]
[BlackElo "2089"]
[Annotator "TA"]
[PlyCount "109"]
[EventDate "2022.10.20"]
[EventType "team-tourn"]
[EventCountry "ENG"]
[SourceTitle "playchess.com"]
[Source "ChessBase"]
[SourceQuality "1"]
[TimeControl "40/6000+30:2400+30"]

1. d4 d5 2. Nf3 Nf6 3. Bf4 e6 4. e3 c5 5. c3 Nc6 6. Nbd2 Be7 {[%emt 0:00:55] 6...cxd4 is setting a new trend.} 7. Bd3 Nd7 {[%emt 0:30:39] D02: 1 d4 d5 2 Nf3 sidelines, including 2...Nf6 3 g3 and 2...Nf6 3 Bf4.} 8. h4 Bf6 {[%emt 0:11:14] [#]} 9. Qe2 $146 ({Predecessor:} 9. Bb5 a6 10. Bxc6 bxc6 11. g4 cxd4 12. exd4 c5 13. g5 Be7 14. Nb3 a5 15. dxc5 {0-1 Szuhai,B (2240)-Kiss,J HUN-chT2 9293 1992}) 9... e5 {[%emt 0:02:37] White is slightly better.} 10. dxe5 Ndxe5 11. Nxe5 Bxe5 12. Nf3 Bg4 13. Bxe5 (13. O-O-O $14) 13... Nxe5 $11 {[%emt 0:01:09][%mdl 64] [#] Pin} 14. Bb5+ Kf8 15. O-O-O a6 (15... Kg8 $5 16. Rhg1 c4 $15) 16. Ba4 Qa5 17. Rxd5 Nxf3 18. gxf3 Be6 19. Bb3 Bxd5 20. Bxd5 Rd8 21. e4 Qc7 22. h5 h6 23. Qe3 b5 {[%emt 0:01:16][%cal Bb7b5,Bb5b4][%mdl 32] Black is weak on the light squares} 24. f4 {[%emt 0:01:10][%mdl 1024] White has compensation.} Qe7 (24... Kg8 $1 $11 {remains equal.}) 25. Rg1 a5 26. Qg3 {[%emt 0:06:56] White is more active.} (26. Rd1 $16) 26... Rg8 $1 27. Qg4 (27. Qh3 $14) 27... a4 (27... g5 $15) 28. Rd1 b4 29. c4 g5 {[%emt 0:01:31] Threatens to win with ...gxf4.} 30. hxg6 $1 Rxg6 31. Qf3 {[%emt 0:00:06] [#]} a3 32. b3 Kg7 (32... Qf6 {seems wilder.} 33. e5 Qf5 34. Kd2 Kg7) 33. e5 Kh8 34. Qe3 (34. Qh5 {with more complications.} Kg7 35. Kc2 f5 36. Kd2) 34... f5 35. Qh3 Qf8 36. Rh1 Kh7 (36... Rg4 $11 {deserves consideration.}) 37. Qe3 (37. Kd2 $1 $14) 37... Qe7 38. Kc2 Rf8 39. Rd1 Rd8 40. Qd3 Qf8 41. Re1 Rg4 {[%emt 0:00:00] The position is equal.} 42. Qe3 Qe7 43. Rh1 Rf8 44. Bf3 Rgg8 45. Rd1 Rd8 46. Rd5 Rg1 $1 47. Qd3 (47. Rxc5 $2 {too greedy.} Ra1 48. Bd5 Rxa2+ 49. Kb1 Rb2+ 50. Kc1 Qg7 $19) (47. Qxc5 $2 Qxc5 48. Rxc5 Ra1 49. Rc7+ Kh8 $19) 47... Rxd5 48. Qxf5+ Kg7 $1 49. Bxd5 {[%emt 0:07:00][%mdl 4096] Endgame KQR-KQB} (49. cxd5 $5 Qh4 $8 50. Kd3 (50. Qd7+ Kg8 $11) 50... Qxf2 51. Qd7+ Kh8 52. Qd8+ Kg7 53. Qf6+ Kg8 54. Qe6+ (54. Qd8+ Kg7 $11) 54... Kg7 55. Qe7+ Kg8 56. Qe8+ Kg7 57. Qe7+ Kg8 58. Qe8+ Kg7 59. Qe7+ $11) 49... Qf8 $1 50. Qd7+ Kh8 51. Be4 {[%emt 0:03:12][%csl Ge4][%cal Rd7h7] Some like it hot} Rg7 {[%emt 0:00:11] Prevents Qh7+} 52. Qd2 {[%emt 0:00:14] Hoping for f5.} Rg4 {[%emt 0:00:26] Wards off f5} 53. Qd7 Rg7 {[%emt 0:00:08] Repels Qh7+} 54. Qd2 {[%emt 0:00:51] f5 is the strong threat.} Rg4 {[%emt 0:00:04] Inhibits f5.} 55. Qd7 {[%emt 0:01:56] Weighted Error Value: White=0.13 (very precise) /Black=0.14 (very precise)} 1/2-1/2

[Event "4NCL 2022-2023"]
[Site "Daventry"]
[Date "2023.02.11"]
[Round "5.14"]
[White "Li, Harry"]
[Black "Kolbus, Dietmar"]
[Result "1/2-1/2"]
[ECO "B19"]
[WhiteElo "2099"]
[BlackElo "2277"]
[Annotator "TA"]
[PlyCount "151"]
[EventDate "2022.10.20"]
[EventType "team-tourn"]
[EventCountry "ENG"]
[SourceTitle "playchess.com"]
[Source "ChessBase"]
[SourceQuality "1"]
[TimeControl "40/6000+30:2400+30"]

1. e4 c6 2. d4 d5 3. Nd2 dxe4 4. Nxe4 Bf5 5. Ng3 Bg6 6. h4 h6 7. Nf3 Nd7 8. h5 Bh7 9. Bd3 Bxd3 10. Qxd3 e6 11. Bd2 Ngf6 12. O-O-O Bd6 13. Ne4 Nxe4 14. Qxe4 Nf6 15. Qe2 Qc7 16. g3 {[%emt 0:00:02] 16.Kb1 is the modern continuation.} O-O-O 17. c4 Qe7 18. Kb1 {[%emt 0:08:02][%cal Bc1b1,Bb1a2,Ba2b3,Bb3c2][%mdl 32] B19: Classical Caro-Kann: 4...Bf5 main line.} Kb8 19. a3 {[%emt 0:05:53] [#]} Ka8 $146 ({Predecessor:} 19... Rhe8 20. Bc3 Ka8 21. Ne5 Nd7 22. Nd3 Bc7 23. Rhe1 Nb6 24. Ne5 Nd7 25. Nd3 Nb6 26. Ne5 Rh8 {½-½ Bruzon Batista,L (2666)-Bacallao Alonso,Y (2525) Carlos Torre Memorial op 27th 2015 (9)}) 20. b4 {[%emt 0:03:39] White is slightly better.} Bc7 21. Ka2 Rhe8 22. Bc3 Rc8 23. Ne5 Red8 24. f4 Nd7 25. Nd3 Nb6 (25... Qe8 $14) 26. Kb3 $1 $16 Qf8 27. a4 Nd7 28. a5 a6 29. Kc2 Bb8 30. Nb2 (30. g4 $16) 30... Ba7 (30... Re8 $14) 31. g4 Re8 32. Qf3 Qd6 33. Kb3 Bb8 34. Nd3 Ba7 35. Nf2 Bb8 36. Ne4 Qe7 (36... Qxf4 $2 37. Qxf4 Bxf4 38. Rhf1 $18) 37. Be1 ({White should play} 37. Rhe1 $16) 37... f5 $11 38. Nf2 Rf8 39. Nd3 Nf6 (39... fxg4 $11 40. Qxg4 Rf5) 40. gxf5 $14 exf5 41. Ne5 Qe8 42. Bf2 Rd8 43. Rdg1 Ne4 (43... Ba7 $5 ) 44. Rd1 {[%emt 0:00:00] Repels Nd2+} (44. Rxg7 $2 {too greedy.} Nd2+ 45. Kc3 Nxf3 $19) 44... Nxf2 (44... Nf6 $11) 45. Qxf2 $16 Rf6 46. Kc3 Bd6 47. Rde1 Re6 48. Ng6 (48. Rb1 $16) 48... Bb8 49. Rxe6 Qxe6 50. Re1 Qf6 51. c5 Rd7 {[%emt 0:03:14] Wards off Re7} 52. Qe3 Bc7 53. Qd3 Kb8 (53... Ka7 $14) 54. Re8+ Ka7 (54... Rd8 $16 55. Rxd8+ Bxd8) 55. Qe3 $1 $18 Bd8 56. Rf8 (56. Qe5 $142 Qf7 57. Qe6 Qxe6 58. Rxe6) 56... Rf7 57. Rg8 {[%emt 0:02:06] White wants to mate with Qe8.} Rd7 58. Rf8 {[%emt 0:00:36] Repels Qf7} Rf7 59. Qe8 (59. Rh8 $1 $18 {aiming for Qe8.} Rd7 60. Rf8) 59... Rxf8 $11 60. Qxf8 {[%emt 0:00:31][%mdl 4096] Endgame KQB-KQN} Qe6 {[%emt 0:01:01] Repels Qe8. Strongly threatening ...Qe1+.} 61. Ne5 {[%emt 0:00:48] Active counter play!} Bf6 $2 (61... Qa2 $11 {and Black stays safe.}) 62. Qf7 $1 $18 Qc8 63. Nd7 $2 ({White should try} 63. Nc4 $18) 63... Qd8 $2 {[%emt 0:00:20] [#]} (63... Qc7 $11) 64. Qe6 $1 Qc8 65. Qxf5 Qg8 {[%emt 0:00:30] [#] Repels Qe6} (65... Bd8 $16) 66. Nxf6 $2 (66. Nb6 $1 $18) 66... gxf6 $14 67. Qxf6 $18 {[%emt 0:00:05][%cal Of6g6] KQ-KQ} (67. d5 $5 cxd5 68. Qxf6 $16) 67... Qd5 {[%emt 0:00:19] The position is equal.} 68. Qe5 {[%emt 0:01:22] Threatening mate with Qxd5.} Qf3+ 69. Kd2 Qf2+ $1 70. Kd3 Qf3+ 71. Kc2 Qf2+ 72. Kb3 {[%emt 0:00:20] Threatens to win with d5.} Qf3+ 73. Kc2 Qf2+ 74. Kd3 {[%emt 0:00:12] Hoping for d5.} Qf3+ 75. Kd2 {[%emt 0:00:30][%cal Od4d5] And now d5! would win.} Qf2+ $1 76. Kd3 {[%emt 0:00:08] Black escapes into a draw.   Weighted Error Value: White=0.27 (precise) /Black=0.21 (precise)} 1/2-1/2

[Event "4NCL 2022-2023"]
[Site "Daventry"]
[Date "2023.02.11"]
[Round "5.15"]
[White "Terbe, Julianna"]
[Black "Arnott, Jonathan W"]
[Result "1/2-1/2"]
[ECO "A96"]
[WhiteElo "2278"]
[BlackElo "2073"]
[Annotator "TA"]
[PlyCount "80"]
[EventDate "2022.10.20"]
[EventType "team-tourn"]
[EventCountry "ENG"]
[SourceTitle "playchess.com"]
[Source "ChessBase"]
[SourceQuality "1"]
[TimeControl "40/6000+30:2400+30"]

1. d4 e6 2. c4 f5 3. Nf3 Nf6 4. g3 Be7 5. Bg2 O-O 6. O-O d6 7. Nc3 Ne4 8. Qd3 Nxc3 9. bxc3 Nd7 {[%emt 0:00:44] A96: Classical Dutch: Fluid Systems: Early deviations.} ({Better is} 9... Nc6 $11) 10. e4 $14 fxe4 11. Qxe4 Nf6 {[%emt 0:00:07] White is better.} 12. Qe2 {[%emt 0:06:03] [#] White has more active pieces.} c6 $146 ({Predecessor:} 12... d5 13. Ng5 Qd6 14. Re1 dxc4 15. Nxe6 Bxe6 16. Qxe6+ Qxe6 17. Rxe6 Bd6 18. Bxb7 Rab8 {1-0 Garriga Cazorla,P (2472)-Baker,C (2258) Titled Tuesday intern op 22nd Feb Late blitz 2022 (7)}) 13. Ng5 (13. Bf4 $16) 13... e5 $1 14. dxe5 (14. f4 $14) 14... dxe5 $11 15. h3 (15. Qxe5 $2 {perishes.} Ng4 16. Qd4 Bxg5 $19) 15... Qa5 16. Re1 Bc5 (16... h6 $5 17. Nf3 (17. Qxe5 Qxe5 18. Rxe5 Bd6 $17) 17... e4 $11) 17. Be3 {[%emt 0:01:22] The position is equal.} ({Much weaker is} 17. Qxe5 Bxf2+ 18. Kh2 Qd8 $17) 17... h6 18. Nf3 Bxe3 19. Qxe3 e4 20. Nd2 Bf5 21. Nxe4 Nxe4 22. Bxe4 Rae8 23. Qd4 Bxe4 (23... Rd8 $5 24. Qe3 $8 Rde8 $11) 24. Rxe4 Rxe4 25. Qxe4 Qxc3 {[%emt 0:00:51][%mdl 4096] Endgame KQR-KQR} 26. Re1 Qf6 27. Re2 Qf5 28. Qe7 Rf7 29. Qd8+ Rf8 30. Qd4 c5 31. Qb2 Qd7 32. Qe5 b6 33. Kh2 Rf3 34. Qh5 Qf7 35. Re8+ Kh7 36. Qxf7 Rxf7 37. Kg2 Rd7 38. Kf3 Rd3+ 39. Re3 $1 Rd4 40. Re4 {[%emt 0:00:40] [#] And now Rxd4 would win.} Rd3+ {[%emt 0:03:08] Weighted Error Value: White=0.06 (flawless) /Black=0.07 (flawless)} 1/2-1/2

[Event "4NCL 2022-2023"]
[Site "Daventry"]
[Date "2023.02.11"]
[Round "5.16"]
[White "Shaw, Peter"]
[Black "Magold, Victor"]
[Result "1/2-1/2"]
[ECO "E12"]
[WhiteElo "2069"]
[BlackElo "2040"]
[Annotator "TA"]
[PlyCount "60"]
[EventDate "2022.10.20"]
[EventType "team-tourn"]
[EventCountry "ENG"]
[SourceTitle "playchess.com"]
[Source "ChessBase"]
[SourceQuality "1"]
[TimeControl "40/6000+30:2400+30"]

1. d4 Nf6 2. c4 e6 3. Nf3 b6 4. a3 Ba6 5. Qc2 c5 6. d5 exd5 7. cxd5 d6 8. Nc3 g6 9. g3 Bg7 10. Bg2 O-O 11. O-O Nbd7 12. Bf4 {[%emt 0:07:25] E12: Queen's Indian: Unusual White 4th moves, 4 a3, 4 Nc3 Bb7 5 a3 and 4 Nc3 Bb7 .} Qe7 13. Rfe1 Nh5 14. Bg5 {[%emt 0:01:02] [#]} Bf6 $146 ({Predecessor:} 14... f6 15. Bd2 Ne5 16. Rac1 f5 17. Ng5 Bh6 18. Ne6 Bxd2 19. Qxd2 Rfe8 20. b3 Ng4 21. e4 Ne5 22. exf5 Nd3 23. fxg6 hxg6 24. Ne4 Nxc1 25. Qxc1 Bd3 26. Qh6 {1-0 Helbig,A (1200)-Grott,P (1200) DESC K0015 email 1999 (2.1)}) 15. Bh6 Bg7 16. Bxg7 Kxg7 17. e4 Rae8 (17... Ne5 $14 {should be considered.}) 18. Qa4 $16 Nb8 19. e5 {[%emt 0:18:01] [#] aiming for g4. White is more active.} dxe5 20. Rxe5 ({Better is} 20. Nxe5 $16 Nf6 21. f4) 20... Qd7 $14 21. Qh4 (21. Qc2 {simplifies} Nf6 22. Rxe8 Rxe8 23. Nd2) 21... Rxe5 (21... Qd6 $11 22. Ree1 Nf6) 22. Nxe5 $16 Qf5 23. Qe4 (23. Qe7 {with more complications.} Qf6 24. Qxf6+ Nxf6 25. f4) 23... Qxe4 24. Nxe4 Nf6 {[%emt 0:02:36] [#] ...Nxe4 would be deadly.} 25. Nxf6 Kxf6 26. Re1 h5 27. Nc6 (27. f4 $14) 27... Nxc6 $11 28. dxc6 Bb5 29. Rd1 Rc8 30. Rd7 {[%emt 0:00:16][%cal Og2d5] Dodges Rc7. Black must now prevent Bd5!} Re8 {[%emt 0:08:27] Weighted Error Value: White=0.15 (very precise) /Black=0.13 (very precise)} 1/2-1/2

[Event "4NCL 2022-2023"]
[Site "Daventry"]
[Date "2023.02.11"]
[Round "5.17"]
[White "Grieve, Harry"]
[Black "Rudd, Jack"]
[Result "1-0"]
[ECO "B99"]
[WhiteElo "2442"]
[BlackElo "2303"]
[Annotator "TA"]
[PlyCount "75"]
[EventDate "2022.10.20"]
[EventType "team-tourn"]
[EventCountry "ENG"]
[SourceTitle "playchess.com"]
[Source "ChessBase"]
[SourceQuality "1"]
[TimeControl "40/6000+30:2400+30"]

1. e4 c5 2. Nf3 d6 3. d4 cxd4 4. Nxd4 Nf6 5. Nc3 a6 6. Bg5 e6 7. f4 Be7 8. Qf3 Qc7 9. O-O-O Nbd7 10. g4 b5 11. Bxf6 Nxf6 12. g5 Nd7 13. f5 Bxg5+ 14. Kb1 Ne5 15. Qh5 Qe7 16. Nxe6 Bxe6 17. fxe6 g6 18. exf7+ Kxf7 {[%emt 0:00:18] [#]} 19. Qh3 $1 Kg7 {[%emt 0:01:53] B99: Sicilian Najdorf: 6 Bg5 e6 7 f4 Be7 8 Qf3 Qc7 9 0-0-0 Nbd7.} 20. Nd5 {[%emt 0:00:54] [#]} Qf7 $146 (20... Qa7 $142) ({Predecessor:} 20... Qd8 21. Be2 Rf8 22. Rhf1 Ra7 23. Rxf8 Qxf8 24. Rf1 Rf7 25. Rxf7+ Qxf7 26. Qg3 Bh6 27. Qg1 {1-0 Alsina Leal,D (2469)-Gormally,D (2501) BCF-chT1c 1819 (4NCL) Promotion pool 2018 (10.41)}) 21. Be2 (21. Qa3 $142) 21... Qf2 {[%emt 0:03:18] [#]} (21... Rac8 $16) 22. Nc7 $1 $18 {[%emt 0:03:19][%csl LRa8,LRd6][%mdl 64] Threatens to win with Ne6+. Discovered Attack} Bf6 $2 (22... Rae8 {is more resistant.}) 23. Nxa8 $2 (23. Ne6+ Kf7 24. Nd4) 23... Rxa8 24. Bd3 Qc5 25. Rhf1 Rf8 26. Qe6 Nc6 27. Qd5 {[%emt 0:07:00] Wards off Qe5} Qxd5 28. exd5 Ne5 29. h3 Rc8 30. Rf4 Rc5 (30... g5 $142 31. Rff1 Nxd3 32. Rxd3 Kg6) 31. Be2 a5 32. a3 Nc4 $2 (32... g5 {was worth a try.} 33. Re4 h6) 33. Bxc4 bxc4 34. Rdf1 Be5 35. Rf7+ Kh6 36. Rb7 {[%emt 0:03:06] Inhibits Rb5.} Rxd5 37. a4 g5 38. Rb5 {[%emt 0:01:39] Black did not feel at home in the position after the opening.   Weighted Error Value: White=0.42/Black=0.62} 1-0